[Event "September Lviv Tradition 2019"]
[Site "Lviv"]
[Date "2019.09.23"]
[Round "1.2"]
[White "Cherniaiev, Tykhon"]
[Black "Gavrish, Leonid"]
[Result "1-0"]
[ECO "A05"]
[WhiteElo "2112"]
[BlackElo "2022"]
[Annotator "NA"]
[PlyCount "97"]
[EventDate "2019.09.23"]
[EventCountry "UKR"]
[SourceTitle "playchess.com"]
[Source "ChessBase"]
[SourceQuality "1"]
[TimeControl "5400+30"]

1. Nf3 Nf6 2. g3 g6 3. Bg2 Bg7 4. c4 c5 5. O-O O-O 6. d4 cxd4 7. Qxd4 Nc6 8. Qh4 d6 9. Nc3 Qa5 10. Nd5 Be6 11. Bd2 Qd8 12. Ng5 Bxd5 13. cxd5 Ne5 14. Qb4 h6 15. Nh3 Qd7 16. Nf4 a5 17. Qb3 b5 18. Bc3 a4 19. Qd1 Nc4 20. b3 Nb6 21. Bd4 Qb7 22. e4 Nfd7 23. Bxg7 Kxg7 24. Qd4+ Kh7 25. Nd3 axb3 26. axb3 Rxa1 27. Rxa1 Ra8 28. Rd1 Qa7 29. e5 Nxe5 30. Nxe5 dxe5 31. Qxe5 Rd8 32. Rc1 Rd6 33. h4 Qd7 34. Rc5 f6 35. Qd4 e5 36. dxe6 Qxe6 37. Qb4 Rd1+ 38. Kh2 h5 39. Qxb5 Nd7 40. Rxh5+ Kg7 41. Rd5 Rxd5 42. Qxd5 Qe7 43. Qb7 Kh6 44. Bc6 Qc5 45. Qxd7 Qxf2+ 46. Bg2 Qb2 47. Qd3 f5 48. Qc4 Kh5 49. Qf4 1-0

[Event "September Lviv Tradition 2019"]
[Site "Lviv"]
[Date "2019.09.23"]
[Round "1.3"]
[White "Vakulenko, Oleksandr"]
[Black "Prydun, Andriy"]
[Result "1-0"]
[ECO "A67"]
[WhiteElo "2167"]
[BlackElo "2273"]
[Annotator "NA"]
[PlyCount "49"]
[EventDate "2019.09.23"]
[EventCountry "UKR"]
[SourceTitle "playchess.com"]
[Source "ChessBase"]
[SourceQuality "1"]
[TimeControl "5400+30"]

1. d4 c5 2. d5 Nf6 3. c4 e6 4. Nc3 exd5 5. cxd5 d6 6. e4 g6 7. f4 Bg7 8. Bb5+ Nfd7 9. a4 O-O 10. Nf3 Nf6 11. O-O Nbd7 12. Re1 a6 13. Bf1 Re8 14. e5 dxe5 15. fxe5 Ng4 16. e6 fxe6 17. dxe6 Nde5 18. Qxd8 Rxd8 19. e7 Re8 20. Nd5 Bd7 21. Bf4 Bc6 22. Rad1 Bxa4 23. Rd2 Nc6 24. Nc7 Bb3 25. Bc4+ 1-0

[Event "September Lviv Tradition 2019"]
[Site "Lviv"]
[Date "2019.09.24"]
[Round "2.1"]
[White "Goikhman, Valentin"]
[Black "Sevostianov, Pavel"]
[Result "1-0"]
[ECO "E21"]
[WhiteElo "2295"]
[BlackElo "2260"]
[Annotator "NA"]
[PlyCount "85"]
[EventDate "2019.09.23"]
[EventCountry "UKR"]
[SourceTitle "playchess.com"]
[Source "ChessBase"]
[SourceQuality "1"]
[TimeControl "5400+30"]

1. d4 Nf6 2. c4 e6 3. Nf3 Bb4+ 4. Nc3 Ne4 5. Qb3 Bxc3+ 6. bxc3 O-O 7. e3 b6 8. Bd3 f5 9. O-O Bb7 10. Ne1 Nc6 11. f3 Na5 12. Qb1 Nf6 13. c5 Rb8 14. cxb6 axb6 15. c4 Ba6 16. Qc2 d6 17. Bd2 Qd7 18. Rd1 Qc6 19. Rc1 Ra8 20. Rf2 h6 21. h3 Bb7 22. Bb4 Qe8 23. Bf1 Nc6 24. Bc3 Ne7 25. Nd3 Ng6 26. Nf4 Nh4 27. d5 exd5 28. Bxf6 Rxf6 29. cxd5 Qxe3 30. Qd2 Qxd2 31. Rxd2 Rf7 32. Ne6 Rc8 33. Rdc2 Bxd5 34. Nf4 Bb7 35. Bc4 c6 36. Bxf7+ Kxf7 37. Nd5 b5 38. Nb6 Re8 39. Rd2 Re6 40. a4 bxa4 41. Rc4 c5 42. Rxh4 Bc6 43. Rc4 1-0

[Event "September Lviv Tradition 2019"]
[Site "Lviv"]
[Date "2019.09.24"]
[Round "2.2"]
[White "Siniauski, Artsiom"]
[Black "Nester, Ihor"]
[Result "1/2-1/2"]
[ECO "C95"]
[WhiteElo "2233"]
[BlackElo "2383"]
[Annotator "NA"]
[PlyCount "62"]
[EventDate "2019.09.23"]
[EventCountry "UKR"]
[SourceTitle "playchess.com"]
[Source "ChessBase"]
[SourceQuality "1"]
[TimeControl "5400+30"]

1. e4 e5 2. Nf3 Nc6 3. Bb5 a6 4. Ba4 Nf6 5. O-O Be7 6. Re1 b5 7. Bb3 d6 8. c3 O-O 9. h3 Nb8 10. d4 Nbd7 11. Nbd2 Bb7 12. Bc2 Re8 13. a4 c5 14. b3 cxd4 15. cxd4 Bf8 $14 16. d5 g6 17. axb5 axb5 18. Rxa8 Qxa8 19. b4 Nb6 20. Qe2 Ba6 21. Bd3 Na4 22. Nb3 Qb8 23. Na5 Bg7 24. Bg5 h6 25. Bxf6 Bxf6 26. Rc1 Rc8 27. Qd2 Kg7 28. Rc2 Rxc2 29. Qxc2 Qb6 30. Nc6 Qc7 31. Qe2 Qb6 1/2-1/2

[Event "September Lviv Tradition 2019"]
[Site "Lviv"]
[Date "2019.09.24"]
[Round "2.3"]
[White "Prydun, Andriy"]
[Black "Frolov, Artur"]
[Result "0-1"]
[ECO "A46"]
[WhiteElo "2273"]
[BlackElo "2425"]
[Annotator "NA"]
[PlyCount "66"]
[EventDate "2019.09.23"]
[EventCountry "UKR"]
[SourceTitle "playchess.com"]
[Source "ChessBase"]
[SourceQuality "1"]
[TimeControl "5400+30"]

1. d4 Nf6 2. Nf3 d5 3. c3 g6 4. Bg5 Bg7 5. e3 Ne4 6. Bf4 c5 7. Nbd2 Nxd2 8. Qxd2 cxd4 9. exd4 Nc6 10. Bb5 Qb6 $14 11. Bxc6+ bxc6 12. O-O O-O 13. Rfe1 Re8 14. Re3 c5 15. Rae1 e6 16. h4 h5 17. Ne5 a5 18. Rg3 cxd4 19. cxd4 Qb4 20. Qd1 Qxb2 21. Nxf7 Rf8 22. Nh6+ Kh7 23. Qd3 Rf6 24. Rxg6 Rxg6 25. Nf7 Bxd4 26. Re2 Qa1+ 27. Kh2 Ba6 28. Ng5+ Kg7 29. Nxe6+ Rxe6 30. Qf5 Rxe2 31. Qg5+ Kf8 32. Qf5+ Bf6 33. Bh6+ Ke7 0-1

[Event "September Lviv Tradition 2019"]
[Site "Lviv"]
[Date "2019.09.24"]
[Round "2.4"]
[White "Gavrish, Leonid"]
[Black "Vakulenko, Oleksandr"]
[Result "0-1"]
[ECO "D31"]
[WhiteElo "2022"]
[BlackElo "2167"]
[Annotator "NA"]
[PlyCount "66"]
[EventDate "2019.09.23"]
[EventCountry "UKR"]
[SourceTitle "playchess.com"]
[Source "ChessBase"]
[SourceQuality "1"]
[TimeControl "5400+30"]

1. d4 d5 2. c4 e6 3. Nc3 c6 4. e4 dxe4 5. Nxe4 Bb4+ 6. Bd2 Qxd4 7. Bxb4 Qxe4+ 8. Be2 c5 9. Bxc5 Qxg2 10. Qd6 Nd7 11. Bf3 Qg5 12. Bd4 e5 13. Bc3 Ne7 14. Ne2 Nf5 15. Qc7 O-O 16. Rd1 Nh4 17. Be4 Qe7 18. Bxb7 Bxb7 19. Qxb7 Rfd8 20. Ba5 e4 21. Bxd8 Rxd8 22. Ng3 e3 23. f4 e2 24. Rd2 Qe3 25. Rxd7 Re8 26. Rd2 Nf3+ 27. Qxf3 Qxf3 28. Rg1 Qxf4 29. b3 Qe3 30. Rg2 Qxd2+ 31. Kxd2 e1=Q+ 32. Kc2 Qa1 33. Kd3 Rd8+ 0-1

[Event "September Lviv Tradition 2019"]
[Site "Lviv"]
[Date "2019.09.24"]
[Round "2.5"]
[White "Rydstrom, Tom"]
[Black "Cherniaiev, Tykhon"]
[Result "1/2-1/2"]
[ECO "C42"]
[WhiteElo "2322"]
[BlackElo "2112"]
[Annotator "NA"]
[PlyCount "115"]
[EventDate "2019.09.23"]
[EventCountry "UKR"]
[SourceTitle "playchess.com"]
[Source "ChessBase"]
[SourceQuality "1"]
[TimeControl "5400+30"]

1. e4 e5 2. Nf3 Nf6 3. Nxe5 d6 4. Nf3 Nxe4 5. Bd3 Nf6 6. c3 Be7 7. Bc2 O-O 8. d4 d5 9. O-O Bg4 10. Re1 c5 11. dxc5 Bxc5 12. Be3 Bxe3 13. Rxe3 Qb6 14. Qc1 Nc6 15. Nbd2 Rfe8 16. Nb3 Rxe3 17. Qxe3 Bxf3 18. Qxf3 Ne5 19. Qf4 Re8 20. h3 Nc4 21. Rb1 g6 22. Bd3 Ne5 23. Bf1 Kg7 24. Rd1 Nc4 25. Nd2 Nxd2 26. Qxd2 Re4 27. b3 Qc5 28. c4 dxc4 29. Bxc4 Re7 30. Qb2 Qe5 31. Qxe5 Rxe5 32. Kf1 Re7 33. Rd8 Rc7 34. Ke2 Ne4 35. Ke3 Re7 36. a4 b6 37. f3 Nc5+ 38. Kd4 Nb7 39. Ra8 Nd6 40. Bd3 Rc7 41. f4 Nc8 42. b4 Ne7 43. Bb5 Nf5+ 44. Kd5 Re7 45. g4 Ne3+ 46. Kc6 Nc2 47. Kd6 Re6+ 48. Kc7 Nxb4 49. Rxa7 Nd5+ 50. Kb7 Nxf4 51. Ra6 Nd5 52. Bc4 Re7+ 53. Kb8 Re8+ 54. Kb7 Re7+ 55. Kb8 Re8+ 56. Kb7 Re7+ 57. Kb8 Re8+ 58. Kb7 1/2-1/2

[Event "September Lviv Tradition 2019"]
[Site "Lviv"]
[Date "2019.09.24"]
[Round "3.1"]
[White "Cherniaiev, Tykhon"]
[Black "Goikhman, Valentin"]
[Result "0-1"]
[ECO "B20"]
[WhiteElo "2112"]
[BlackElo "2295"]
[Annotator "NA"]
[PlyCount "110"]
[EventDate "2019.09.23"]
[EventCountry "UKR"]
[SourceTitle "playchess.com"]
[Source "ChessBase"]
[SourceQuality "1"]
[TimeControl "5400+30"]

1. e4 c5 2. Ne2 d6 3. g3 h5 4. h3 d5 5. Bg2 dxe4 6. Bxe4 Nf6 7. Bg2 Nc6 8. Nbc3 Nd4 9. Ne4 Nxe4 10. Bxe4 Bf5 11. Bxf5 Qd5 12. O-O Nf3+ 13. Kh1 Qxf5 14. Kg2 Qe4 15. Nf4 Nd4+ 16. f3 Qxc2 17. Qe1 Qf5 18. Qe4 O-O-O 19. b3 g5 20. Qxf5+ Nxf5 21. Ne2 Bg7 22. Rb1 Rd3 23. Nc3 Bxc3 24. dxc3 Rxc3 25. Bxg5 Rg8 26. Bf4 Nxg3 27. Bxg3 h4 28. Rbc1 Rxg3+ 29. Kh2 Rxc1 30. Rxc1 Rxf3 31. Rxc5+ Kd7 32. Rc2 e5 33. Kg2 Rg3+ 34. Kh2 f5 35. Rd2+ Ke6 36. Rc2 e4 37. Rc7 Rd3 38. Rxb7 Rd2+ 39. Kg1 Rxa2 40. Rh7 e3 41. Rxh4 Ra1+ 42. Kg2 e2 43. Rh8 e1=Q 44. Re8+ Kf6 45. Rxe1 Rxe1 46. Kf3 Rb1 47. Kf4 Rxb3 48. h4 Rb4+ 49. Kg3 a5 50. h5 a4 51. Kf3 a3 52. Kg3 a2 53. Kf3 a1=Q 54. Kf2 Qa2+ 55. Kf1 Rb1# 0-1

[Event "September Lviv Tradition 2019"]
[Site "Lviv"]
[Date "2019.09.24"]
[Round "3.2"]
[White "Vakulenko, Oleksandr"]
[Black "Rydstrom, Tom"]
[Result "0-1"]
[ECO "E46"]
[WhiteElo "2167"]
[BlackElo "2322"]
[Annotator "NA"]
[PlyCount "74"]
[EventDate "2019.09.23"]
[EventCountry "UKR"]
[SourceTitle "playchess.com"]
[Source "ChessBase"]
[SourceQuality "1"]
[TimeControl "5400+30"]

1. d4 Nf6 2. c4 e6 3. Nc3 Bb4 4. e3 O-O 5. Nge2 c6 6. a3 Ba5 7. c5 d5 8. cxd6 Qxd6 9. b4 Bc7 10. g3 Nbd7 11. Bg2 e5 12. O-O Re8 13. Qc2 Qe7 14. b5 e4 15. a4 Nf8 16. Ba3 Qe6 17. d5 Qf5 18. bxc6 bxc6 19. dxc6 Qh5 20. Nb5 Be5 21. Bb2 Ng6 22. Bxe5 Ng4 23. h3 N4xe5 24. Nf4 Nxf4 25. exf4 Nf3+ 26. Bxf3 exf3 27. h4 Bh3 28. Rfe1 Qg4 29. Rxe8+ Rxe8 30. Qd2 h6 31. Nxa7 Bg2 32. Qd7 Re6 33. Qd8+ Kh7 34. Qd3+ g6 35. Qd7 Kg7 36. f5 Qh3 37. f6+ Kg8 0-1

[Event "September Lviv Tradition 2019"]
[Site "Lviv"]
[Date "2019.09.24"]
[Round "3.3"]
[White "Frolov, Artur"]
[Black "Gavrish, Leonid"]
[Result "1-0"]
[ECO "A43"]
[WhiteElo "2425"]
[BlackElo "2022"]
[Annotator "NA"]
[PlyCount "47"]
[EventDate "2019.09.23"]
[EventCountry "UKR"]
[SourceTitle "playchess.com"]
[Source "ChessBase"]
[SourceQuality "1"]
[TimeControl "5400+30"]

1. d4 Nf6 2. Nf3 c5 3. d5 b5 4. Bg5 Ne4 5. Bh4 Bb7 6. Qd3 f5 7. Nbd2 c4 8. Qd4 Nxd2 9. Qxd2 Qb6 10. Rd1 Na6 11. g4 Nc7 12. gxf5 Bxd5 13. e4 Bc6 14. Bg2 d6 15. Nd4 Bb7 16. O-O g6 17. f6 e5 18. Nf3 Qc6 19. Bh3 Kf7 20. Bd7 Qb6 21. Ng5+ Kxf6 22. Ne6+ Kf7 23. Qg5 Ne8 24. Nxf8 1-0

[Event "September Lviv Tradition 2019"]
[Site "Lviv"]
[Date "2019.09.24"]
[Round "3.4"]
[White "Nester, Ihor"]
[Black "Prydun, Andriy"]
[Result "0-1"]
[ECO "E09"]
[WhiteElo "2383"]
[BlackElo "2273"]
[Annotator "NA"]
[PlyCount "134"]
[EventDate "2019.09.23"]
[EventCountry "UKR"]
[SourceTitle "playchess.com"]
[Source "ChessBase"]
[SourceQuality "1"]
[TimeControl "5400+30"]

1. Nf3 Nf6 2. c4 c6 3. d4 d5 4. Qc2 e6 5. g3 Nbd7 6. Bg2 Be7 7. Nbd2 O-O 8. O-O b6 9. e4 Bb7 10. e5 Ne8 11. cxd5 cxd5 12. Re1 Rc8 13. Qb3 Qc7 14. Bf1 Qc2 15. Qxc2 Rxc2 16. Bd3 Rc8 17. Nf1 Nc7 18. Bg5 Bxg5 19. Nxg5 h6 20. Nf3 Ba6 21. Bxa6 Nxa6 22. a3 b5 23. Rec1 Nb6 24. b3 b4 25. Rxc8 Nxc8 26. Ne3 bxa3 27. Rxa3 Nb4 28. Kf1 Nc6 29. Ra6 N8e7 30. Nc2 Rb8 31. b4 g5 32. Ra4 g4 33. Nd2 a5 34. Nb3 axb4 35. Ke2 Rc8 36. Nxb4 Nxb4 37. Rxb4 Rc2+ 38. Nd2 Nf5 39. Kd3 Ra2 40. Kc3 Kg7 41. Kd3 h5 42. Kc3 Kg6 43. Kd3 Ne7 44. Kc3 Nc6 45. Rb7 Nxd4 46. Kxd4 Rxd2+ 47. Ke3 Rd1 48. f4 gxf3 49. Kxf3 Re1 50. h4 Rxe5 51. Rd7 Re4 52. Rd8 Kg7 53. Rd7 Ra4 54. Rd8 Ra3+ 55. Kf4 Kf6 56. Rd6 Ra4+ 57. Kf3 Ke5 58. Rd7 Ra3+ 59. Kg2 f5 60. Rh7 d4 61. Rxh5 Ra2+ 62. Kf3 Ra3+ 63. Kg2 d3 64. Rh8 Ra4 65. Kf2 Ke4 66. Rd8 Ra2+ 67. Kg1 d2 0-1

[Event "September Lviv Tradition 2019"]
[Site "Lviv"]
[Date "2019.09.24"]
[Round "3.5"]
[White "Sevostianov, Pavel"]
[Black "Siniauski, Artsiom"]
[Result "1/2-1/2"]
[ECO "A05"]
[WhiteElo "2260"]
[BlackElo "2233"]
[Annotator "NA"]
[PlyCount "61"]
[EventDate "2019.09.23"]
[EventCountry "UKR"]
[SourceTitle "playchess.com"]
[Source "ChessBase"]
[SourceQuality "1"]
[TimeControl "5400+30"]

1. Nf3 Nf6 2. c4 b6 3. g3 Bb7 4. Bg2 g6 5. b3 Bg7 6. Bb2 O-O 7. O-O d6 8. d4 Nbd7 9. Nc3 Ne4 10. Qc2 Nxc3 11. Bxc3 e5 12. dxe5 dxe5 13. Ne1 Bxg2 14. Nxg2 Qe7 15. Rad1 Rfd8 16. Ne3 c6 17. b4 Nf8 18. Qe4 Qe6 19. Qc2 Bh6 20. Rd3 Rd7 21. Rfd1 Rad8 22. Rxd7 Rxd7 23. Rxd7 Nxd7 24. Bd2 Bxe3 25. Bxe3 h5 26. a4 h4 27. f3 c5 28. bxc5 Nxc5 29. Bxc5 bxc5 30. Qe4 hxg3 31. hxg3 1/2-1/2

[Event "September Lviv Tradition 2019"]
[Site "Lviv"]
[Date "2019.09.25"]
[Round "4.1"]
[White "Goikhman, Valentin"]
[Black "Siniauski, Artsiom"]
[Result "1/2-1/2"]
[ECO "C11"]
[WhiteElo "2295"]
[BlackElo "2233"]
[Annotator "NA"]
[PlyCount "94"]
[EventDate "2019.09.23"]
[EventType "tourn"]
[EventCountry "UKR"]
[SourceTitle "playchess.com"]
[Source "ChessBase"]
[SourceQuality "1"]
[TimeControl "5400+30"]

1. e4 e6 2. d4 d5 3. Nc3 Nf6 4. e5 Nfd7 5. f4 c5 6. Nf3 Nc6 7. Be3 cxd4 8. Nxd4 Bc5 9. Be2 O-O 10. Qd2 a6 11. O-O Nxd4 12. Bxd4 b5 13. Kh1 $11 Qb6 14. Bxc5 Qxc5 15. f5 d4 16. Ne4 Qxe5 17. Rae1 exf5 18. Ng3 Bb7 19. Bf3 Qc7 20. Bxb7 Qxb7 21. Nxf5 g6 22. Qh6 gxf5 23. Rf3 Qb6 24. Rg3+ Qg6 25. Qf4 Rae8 26. Rf1 Re4 27. Qxf5 Kh8 28. Qxd7 Qe6 29. Qa7 Rf4 30. Rg1 Qf6 31. h3 Rg8 32. Rxg8+ Kxg8 33. Qb8+ Kg7 34. Re1 d3 35. cxd3 Rf1+ 36. Rxf1 Qxf1+ 37. Kh2 Qxd3 38. Qg3+ Qg6 39. Qe5+ Kf8 40. a3 Qb1 41. Qh8+ Ke7 42. Qe5+ Kd7 43. h4 Qg6 44. g3 h5 45. Qd5+ Kc7 46. Qc5+ Kb7 47. Qd5+ Kb6 1/2-1/2

[Event "September Lviv Tradition 2019"]
[Site "Lviv"]
[Date "2019.09.25"]
[Round "4.2"]
[White "Prydun, Andriy"]
[Black "Sevostianov, Pavel"]
[Result "0-1"]
[ECO "A46"]
[WhiteElo "2273"]
[BlackElo "2260"]
[Annotator "NA"]
[PlyCount "118"]
[EventDate "2019.09.23"]
[EventType "tourn"]
[EventCountry "UKR"]
[SourceTitle "playchess.com"]
[Source "ChessBase"]
[SourceQuality "1"]
[TimeControl "5400+30"]

1. d4 Nf6 2. Nf3 d6 3. c3 g6 4. Bg5 Bg7 5. Nbd2 Nc6 6. e4 O-O 7. Bb5 Bd7 8. Qe2 a6 9. Bd3 h6 10. Bxf6 exf6 $11 11. O-O Ne7 12. Rfe1 Re8 13. Qd1 Rb8 14. Nf1 f5 15. e5 Bc6 16. exd6 cxd6 17. Ne3 b5 18. Nd2 Qd7 19. Nb3 f4 20. Nc2 Nd5 21. Be2 b4 22. c4 Nf6 23. Bf3 Rxe1+ 24. Nxe1 Ba4 25. Nd3 g5 26. h3 Qa7 27. c5 Ne8 28. Qe2 Bb5 29. Re1 a5 30. c6 Bxd4 31. Qe4 Bb6 32. Rd1 Bxd3 33. Qxd3 Bxf2+ 34. Kh1 a4 35. Nd2 Qd4 36. Qc2 Qa7 37. Bd5 Kg7 38. Nc4 Bc5 39. Bf3 b3 40. axb3 axb3 41. Qc3+ Kg8 42. Qd3 Qe7 43. Nd2 Qe3 44. Qf5 Qe5 45. Qb1 Nf6 46. Nc4 Qe7 47. Re1 Qc7 48. Qf5 Kg7 49. h4 Rh8 50. Qd3 g4 51. Bd5 Qd8 52. g3 Re8 53. Rf1 f3 54. Nd2 Qe7 55. Bc4 Qe5 56. Kh2 Nh5 57. Ne4 f5 58. Qd5 Qxd5 59. Bxd5 fxe4 0-1

[Event "September Lviv Tradition 2019"]
[Site "Lviv"]
[Date "2019.09.25"]
[Round "4.3"]
[White "Gavrish, Leonid"]
[Black "Nester, Ihor"]
[Result "1/2-1/2"]
[ECO "A85"]
[WhiteElo "2022"]
[BlackElo "2383"]
[Annotator "NA"]
[PlyCount "94"]
[EventDate "2019.09.23"]
[EventType "tourn"]
[EventCountry "UKR"]
[SourceTitle "playchess.com"]
[Source "ChessBase"]
[SourceQuality "1"]
[TimeControl "5400+30"]

1. d4 f5 2. c4 Nf6 3. Nc3 d6 4. Bg5 Nbd7 5. Qc2 g6 6. e4 fxe4 7. Nxe4 Bg7 8. O-O-O Nxe4 9. Qxe4 Nf6 10. Bxf6 Bxf6 11. f4 c6 12. Nf3 Qa5 13. a3 Bf5 14. Qe3 b5 15. Qb3 $15 bxc4 16. Bxc4 Qc7 17. Qa4 Be4 18. Be6 Kf8 19. Rhf1 Kg7 20. g4 c5 21. d5 Qb7 22. Ne5 dxe5 23. g5 Rab8 24. gxf6+ exf6 25. Rd2 c4 26. fxe5 c3 27. exf6+ Kh6 28. Qxe4 cxd2+ 29. Kd1 Qb3+ 30. Kxd2 Qxb2+ 31. Ke1 Qb1+ 32. Qxb1 Rxb1+ 33. Kf2 Rxf1+ 34. Kxf1 Rf8 35. f7 Kg7 36. Kf2 Rxf7+ 37. Bxf7 Kxf7 38. Ke3 Kf6 39. Ke4 h6 40. a4 a5 41. Kd4 g5 42. Ke4 h5 43. h3 Ke7 44. Kf5 g4 45. hxg4 hxg4 46. Kxg4 Kd6 47. Kf3 Ke5 {Ke4+} 1/2-1/2

[Event "September Lviv Tradition 2019"]
[Site "Lviv"]
[Date "2019.09.25"]
[Round "4.4"]
[White "Rydstrom, Tom"]
[Black "Frolov, Artur"]
[Result "1/2-1/2"]
[ECO "C50"]
[WhiteElo "2322"]
[BlackElo "2425"]
[Annotator "NA"]
[PlyCount "85"]
[EventDate "2019.09.23"]
[EventType "tourn"]
[EventCountry "UKR"]
[SourceTitle "playchess.com"]
[Source "ChessBase"]
[SourceQuality "1"]
[TimeControl "5400+30"]

1. e4 e5 2. Nf3 Nc6 3. Bc4 Bc5 4. d3 Nf6 5. Nbd2 O-O 6. O-O d6 7. c3 a6 8. Bb3 Ba7 9. Re1 Ne7 10. Nf1 Ng6 11. Ng3 c5 12. h3 Be6 13. Be3 Re8 14. Ng5 h6 15. Nxe6 fxe6 $14 16. d4 cxd4 17. cxd4 Kh7 18. Qd2 Qe7 19. Rad1 Rac8 20. Qd3 exd4 21. Bxd4 Bxd4 22. Qxd4 Rc6 23. Qd3 Nd7 24. Qe3 Rf8 25. Ne2 e5 26. Bd5 Rc7 27. Rc1 Rxc1 28. Rxc1 Nf6 29. Bb3 Qd7 30. Qb6 Rc8 31. Rxc8 Qxc8 32. Qxd6 Nxe4 33. Qd3 Nf6 34. Ng3 Qc1+ 35. Kh2 Qf4 36. Bc2 e4 37. Qe3 Qe5 38. Qc3 Qf4 39. Qe3 Qe5 40. Bxe4 Nxe4 41. Qxe4 Qxb2 42. h4 Qf6 43. Qxb7 1/2-1/2

[Event "September Lviv Tradition 2019"]
[Site "Lviv"]
[Date "2019.09.25"]
[Round "4.5"]
[White "Cherniaiev, Tykhon"]
[Black "Vakulenko, Oleksandr"]
[Result "1/2-1/2"]
[ECO "C55"]
[WhiteElo "2112"]
[BlackElo "2167"]
[Annotator "NA"]
[PlyCount "70"]
[EventDate "2019.09.23"]
[EventType "tourn"]
[EventCountry "UKR"]
[SourceTitle "playchess.com"]
[Source "ChessBase"]
[SourceQuality "1"]
[TimeControl "5400+30"]

1. e4 e5 2. Nf3 Nc6 3. Bc4 Nf6 4. d3 h6 5. O-O d6 $14 6. d4 Bg4 7. dxe5 dxe5 8. Nbd2 Bd6 9. c3 O-O 10. Be2 Nb8 11. Nc4 Re8 12. Qc2 Nbd7 13. Be3 Bc5 14. Rad1 Qe7 15. Rfe1 Qe6 16. Bxc5 Bxf3 17. Bxf3 Qxc4 18. Ba3 Qxa2 19. c4 b5 20. cxb5 Rac8 21. Qc6 Qe6 22. Rc1 Nb8 23. Qxe6 Rxe6 24. Bc5 a6 25. bxa6 Nxa6 26. Ba3 c5 27. Be2 Rb6 28. Bxa6 Rxa6 29. Rxc5 Rxc5 30. Bxc5 Nxe4 31. Ba3 Nd6 32. Rxe5 Nc4 33. Re1 Rb6 34. h3 Nxb2 35. Bxb2 Rxb2 1/2-1/2

[Event "September Lviv Tradition 2019"]
[Site "Lviv"]
[Date "2019.09.25"]
[Round "5.1"]
[White "Vakulenko, Oleksandr"]
[Black "Goikhman, Valentin"]
[Result "1-0"]
[ECO "E42"]
[WhiteElo "2167"]
[BlackElo "2295"]
[Annotator "NA"]
[PlyCount "79"]
[EventDate "2019.09.23"]
[EventType "tourn"]
[EventCountry "UKR"]
[SourceTitle "playchess.com"]
[Source "ChessBase"]
[SourceQuality "1"]
[TimeControl "5400+30"]

1. d4 Nf6 2. c4 e6 3. Nc3 Bb4 4. e3 c5 5. Nge2 b6 6. a3 Ba5 7. Rb1 Qe7 8. f3 O-O 9. d5 exd5 10. cxd5 Bb7 11. e4 Nh5 12. g4 Qh4+ 13. Kd2 Bxc3+ 14. bxc3 f5 15. gxh5 fxe4 16. Ng3 exf3 17. c4 d6 18. Qe1 Nc6 19. Qe4 Rf4 20. Qe6+ Kh8 21. dxc6 Bxc6 22. Bd3 Re8 23. Qxd6 Rf6 24. Qc7 f2 25. Bb2 Qg5+ 26. Kc3 Qe3 27. Rhd1 Ba4 28. Nf1 Qg5 29. Qg3 Qxh5 30. Kd2 Qh6+ 31. Ne3 Bxd1 32. Bxf6 Qxf6 33. Rxd1 Rd8 34. Rf1 Qd4 35. Nc2 Qxc4 36. Rxf2 Qd5 37. Qf3 Qd6 38. Qe4 g6 39. Kc3 b5 40. Bxb5 1-0

[Event "September Lviv Tradition 2019"]
[Site "Lviv"]
[Date "2019.09.25"]
[Round "5.2"]
[White "Frolov, Artur"]
[Black "Cherniaiev, Tykhon"]
[Result "1-0"]
[ECO "A46"]
[WhiteElo "2425"]
[BlackElo "2112"]
[Annotator "NA"]
[PlyCount "153"]
[EventDate "2019.09.23"]
[EventType "tourn"]
[EventCountry "UKR"]
[SourceTitle "playchess.com"]
[Source "ChessBase"]
[SourceQuality "1"]
[TimeControl "5400+30"]

1. d4 Nf6 2. Nf3 e6 3. g3 b5 4. Bg2 Bb7 5. O-O d5 6. a4 b4 7. c3 bxc3 8. bxc3 Be7 9. Ba3 O-O 10. Nbd2 Nbd7 11. Bxe7 Qxe7 12. Rb1 Rab8 13. Re1 c5 14. e3 Bc6 15. a5 a6 16. c4 Rxb1 17. Qxb1 Rb8 18. Qa1 Ne4 19. cxd5 Bxd5 20. Bf1 Nxd2 21. Nxd2 cxd4 22. Qxd4 Bc6 23. Rc1 Bb5 24. Rc7 Qd8 25. Qd6 Nf8 26. Qxd8 Rxd8 27. Bxb5 Rxd2 28. Bxa6 Rd5 29. Bc4 Rxa5 30. Kg2 g6 31. h4 h5 32. Rb7 Ra8 33. e4 Rd8 34. Bb5 Nh7 35. e5 g5 36. hxg5 Nxg5 37. Be2 Rd2 38. Bxh5 Ra2 39. Rb3 Kg7 40. Re3 Rb2 41. Be2 Rb4 42. f3 Nh7 43. f4 Nf8 44. Rc3 Ng6 45. Kf3 Ne7 46. Bc4 Nf5 47. Bd3 Rb3 48. Rxb3 Nd4+ 49. Ke3 Nxb3 50. Bb5 Kf8 51. Kd3 Ke7 52. Kc3 Na5 53. Kb4 Nb7 54. Bc6 Nd8 55. Kc5 f6 56. Bf3 fxe5 57. fxe5 Nf7 58. Kd4 Nh6 59. Ke4 Kf7 60. Kf4 Nf5 61. Bh5+ Kg7 62. Bg4 Nd4 63. Ke4 Nb3 64. Bxe6 Nd2+ 65. Ke3 Nf1+ 66. Kf4 Kf8 67. Bd5 Nd2 68. Ba2 Ke7 69. g4 Kf8 70. g5 Kg7 71. e6 Kf8 72. g6 Kg7 73. e7 Kxg6 74. e8=Q+ Kh7 75. Kf5 Nf3 76. Qg6+ Kh8 77. Qg8# 1-0

[Event "September Lviv Tradition 2019"]
[Site "Lviv"]
[Date "2019.09.25"]
[Round "5.3"]
[White "Nester, Ihor"]
[Black "Rydstrom, Tom"]
[Result "1-0"]
[ECO "D26"]
[WhiteElo "2383"]
[BlackElo "2322"]
[Annotator "NA"]
[PlyCount "39"]
[EventDate "2019.09.23"]
[EventType "tourn"]
[EventCountry "UKR"]
[SourceTitle "playchess.com"]
[Source "ChessBase"]
[SourceQuality "1"]
[TimeControl "5400+30"]

1. Nf3 d5 2. d4 Nf6 3. c4 dxc4 4. e3 e6 5. Bxc4 a6 6. O-O c5 7. dxc5 Bxc5 8. Qxd8+ Kxd8 9. Ne5 Ke7 10. Be2 Nbd7 11. Nc4 Rd8 12. Nbd2 Kf8 13. Nb3 Be7 14. Bd2 Rb8 15. Nd4 Ne4 16. Be1 Nd6 17. Ba5 b6 18. Bb4 Nxc4 19. Bxe7+ Kxe7 20. Nc6+ 1-0

[Event "September Lviv Tradition 2019"]
[Site "Lviv"]
[Date "2019.09.25"]
[Round "5.4"]
[White "Sevostianov, Pavel"]
[Black "Gavrish, Leonid"]
[Result "1-0"]
[ECO "A05"]
[WhiteElo "2260"]
[BlackElo "2022"]
[Annotator "NA"]
[PlyCount "53"]
[EventDate "2019.09.23"]
[EventType "tourn"]
[EventCountry "UKR"]
[SourceTitle "playchess.com"]
[Source "ChessBase"]
[SourceQuality "1"]
[TimeControl "5400+30"]

1. Nf3 Nf6 2. c4 c5 3. g3 g6 4. Bg2 Bg7 5. Nc3 O-O 6. d4 cxd4 7. Qxd4 Nc6 8. Qh4 d5 9. cxd5 Na5 10. O-O h5 11. e4 Nc4 12. h3 Nh7 13. g4 hxg4 14. hxg4 e6 15. Ng5 Nxg5 16. Bxg5 Qb6 17. b3 Bxc3 18. bxc4 exd5 19. Rab1 Qa6 20. Rb3 Bg7 21. Rh3 f6 22. Bh6 g5 23. Qh5 Bxh6 24. Qxh6 Kf7 25. Qh7+ Ke6 26. exd5+ Kd6 27. c5+ {[%emt 0:00:12] Kxd5} 1-0

[Event "September Lviv Tradition 2019"]
[Site "Lviv"]
[Date "2019.09.25"]
[Round "5.5"]
[White "Siniauski, Artsiom"]
[Black "Prydun, Andriy"]
[Result "1/2-1/2"]
[ECO "B17"]
[WhiteElo "2233"]
[BlackElo "2273"]
[Annotator "NA"]
[PlyCount "110"]
[EventDate "2019.09.23"]
[EventType "tourn"]
[EventCountry "UKR"]
[SourceTitle "playchess.com"]
[Source "ChessBase"]
[SourceQuality "1"]
[TimeControl "5400+30"]

1. e4 c6 2. d4 d5 3. Nd2 dxe4 4. Nxe4 Nd7 5. Nf3 Ngf6 6. Ng3 e6 7. Bd3 c5 8. O-O cxd4 9. Nxd4 Nc5 10. Be2 Be7 11. c3 O-O 12. Qc2 Bd7 13. Rd1 Rc8 14. Bd2 Qc7 15. a4 b6 16. b4 Nb7 17. Qb3 Nd6 18. Nb5 Bxb5 19. axb5 Nd5 20. Rac1 Nc4 21. Be1 Bf6 22. Ne4 Be5 23. g3 Rfd8 24. Ng5 Bf6 25. Ne4 Be5 26. Ng5 Bf6 27. Nf3 Rd7 28. Nd4 Ne5 29. c4 Ne7 30. Nf3 Nxf3+ 31. Qxf3 Bd4 32. Bd3 Qd8 33. Be4 Rd6 34. Qe2 e5 35. Bd2 Rc7 36. Be3 Bxe3 37. fxe3 Rxc4 38. Qxc4 Rxd1+ 39. Rxd1 Qxd1+ 40. Kf2 Qd2+ 41. Kf3 Qd6 42. Bc6 g6 43. e4 Kg7 44. Bd5 h5 45. Ke3 f5 46. Qa2 f4+ 47. Kf3 Qxb4 48. Qxa7 g5 49. Qc7 g4+ 50. Kf2 Qb2+ 51. Ke1 Qb4+ 52. Kd1 Qb1+ 53. Kd2 Qb2+ 54. Ke1 Qb4+ 55. Kd1 Qb1+ 1/2-1/2